 Dungeon Crawl Stone Soup version 0.22.1 (webtiles) character file.

410 Markonkel the Vandal (level 6, -11/56 HPs)
             Began as a Centaur Hunter on Sept 18, 2018.
             Shot with an arrow by a centaur (16 damage)
             ... on level 5 of the Dungeon.
             The game lasted 00:21:48 (4266 turns).

Markonkel the Vandal (Centaur Hunter)               Turns: 4266, Time: 00:21:48

Health: -11/56     AC:  4    Str: 17    XL:     6   Next: 58%
Magic:  6/6        EV:  9    Int: 12    God:
Gold:   166        SH:  0    Dex:  9    Spells: 5/5 levels left

rFire    . . .     SeeInvis .   a - +2 hunting sling (flame)
rCold    . . .     Gourm    .   (no shield)
rNeg     . . .     Faith    .   c - +0 leather armour
rPois    .         Spirit   .   (no helmet)
rElec    .         Reflect  .   F - scarf {cloud immunity}
rCorr    .         Harm     .   (no gloves)
MR       .....                  (no barding)
Stlth    +.........             (no amulet)
HPRegen  0.18/turn              t - +2 ring of intelligence
MPRegen  0.10/turn              W - ring of wizardry {Wiz+}

@: very quick
A: large, hooves 3, deformed body, speed 2, tough skin 3
a: no special abilities


You were on level 5 of the Dungeon.
You were not hungry.

You visited 1 branch of the dungeon, and saw 6 of its levels.

You collected 166 gold pieces.

Inventory:

Hand Weapons
 a - a +2 hunting sling of flaming (weapon)
 b - a +0 vampiric dagger {!w}
Missiles
 f - 18 sling bullets
 m - 44 poisoned needles
 x - 163 stones (quivered)
 D - 12 bolts
 Q - 30 arrows
Armour
 c - a +0 leather armour (worn)
 p - a +0 leather armour
 v - a +0 leather armour
 F - a scarf of cloud immunity (worn)
Jewellery
 t - a +2 ring of intelligence (left hand)
 W - a ring of wizardry (right hand) {Wiz+}
Scrolls
 g - 3 scrolls of remove curse
 h - a scroll of noise {unknown}
 i - a scroll of identify
 k - 2 scrolls of enchant armour {unknown}
 n - 2 scrolls of magic mapping {unknown}
 w - a scroll of amnesia
 y - a scroll of teleportation {unknown}
 C - a scroll of fear {unknown}
Potions
 d - 4 potions of might
 j - a potion of degeneration {unknown}
 l - 2 potions of agility {unknown}
 o - a potion of heal wounds {unknown}
 s - 3 potions of curing {unknown}
 u - 3 potions of brilliance {unknown}
 z - 2 potions of flight {unknown}
 A - a potion of mutation {unknown}
Comestibles
 e - 11 rations


   Skills:
 + Level 5.2 Fighting
 + Level 6.9 Slings
 - Level 1.3 Dodging
 - Level 0.4 Stealth


You had 5 spell levels left.
You didn't know any spells.
Your spell library was empty.

Dungeon Overview and Level Annotations

Branches:
Dungeon (6/15)
 Temple: D:4-7

Altars:
Cheibriados

Annotations:
D:5 Sigmund


Innate Abilities, Weirdness & Mutations

You have hooves in place of feet.
Armour fits poorly on your strangely shaped body.
You cover ground very quickly.
You have extremely tough skin. (AC +3)


Message History

A leopard gecko skeleton comes into view.
Okay, then.
You are too injured to fight recklessly!
You are too injured to fight recklessly!
Sigmund mumbles some strange words.
Sigmund flickers and vanishes!
Deactivating autopickup; reactivate with Ctrl-A.
The centaur shoots an arrow.
The arrow hits you.
* * * LOW HITPOINT WARNING * * *
The bullfrog swells and bulges.
You see here an arrow.
You take 4 damage, and have 4/56 hp.
The centaur shoots an arrow.
The arrow barely misses you.
The centaur shoots an arrow.
The arrow misses you.
The arrow barely misses the leopard gecko skeleton.
The leopard gecko skeleton closely misses you.
The centaur shoots an arrow.
The arrow hits you but does no damage.
You see here an arrow.
The centaur shoots an arrow.
The arrow hits you!
You die...

.........# ###.
.#..#....######....
#...##........
#....#......###
#.............##
#..........!...#+ .##
#.((......(....#
.....##.......##>#.#..#
.......@ZF..(.#(.......#
.##..###.....#(..###....
# ##.........# ..
#..........!..
#.........####
#...c#...## #......#.##
#.$....#.# #..#... .#


You could see a bullfrog, a centaur and a leopard gecko skeleton.

Vault maps used:
D:1:      scummos_arrival_checkerplants, minmay_misc_feat_iff, st_stairs_5
D:3:      kennysheep_slug_shrine, first_ration
D:5:      grunt_temple_overflow_open, minmay_temple_entry_junction_2,
          tso_metal_star, uniq_eustachio, uniq_crazy_yiuf_cottage, uniq_sigmund
D:6:      kennysheep_windowed_halls

Notes
Turn   | Place    | Note
-------+----------+-------------------------------------------
     0 | D:1      | Markonkel the Centaur Hunter began the quest for the Orb.
     0 | D:1      | Reached XP level 1. HP: 17/17 MP: 1/1
   181 | D:1      | Reached XP level 2. HP: 24/25 MP: 2/2
   235 | D:1      | HP: 6/25 [jackal (3)]
   241 | D:1      | HP: 4/25 [jackal (1)]
   249 | D:1      | HP: 3/25 [giant cockroach (1)]
  1044 | D:1      | Identified a +0 chain mail (You found it on level 1 of the
                  | Dungeon)
  1054 | D:1      | Identified a +0 leather armour
  1124 | D:2      | Noticed a phantom
  1129 | D:2      | Reached skill level 5 in Slings
  1129 | D:2      | Reached XP level 3. HP: 30/30 MP: 3/3
  1419 | D:2      | Reached skill level 3 in Fighting
  1440 | D:2      | Identified a +2 hunting sling of flaming (You took it off a
                  | goblin on level 2 of the Dungeon)
  1498 | D:2      | Killed a phantom
  1498 | D:2      | Reached XP level 4. HP: 13/40 MP: 4/4
  1713 | D:2      | Reached skill level 4 in Fighting
  1713 | D:2      | Reached XP level 5. HP: 46/46 MP: 5/5
  1821 | D:2      | Identified 2 scrolls of identify
  1821 | D:2      | Identified a ring of intelligence (You found it on level 2
                  | of the Dungeon)
  2156 | D:3      | Reached skill level 6 in Slings
  2369 | D:3      | Found a snail-covered altar of Cheibriados.
  2810 | D:3      | Identified a ring of wizardry (You took it off a goblin on
                  | level 3 of the Dungeon)
  2811 | D:3      | Identified a cursed -1 short sword (You took it off a
                  | kobold on level 3 of the Dungeon)
  2812 | D:3      | Identified a +1 hunting sling
  2813 | D:3      | Identified a +0 short sword
  3152 | D:4      | Noticed a centaur
  3159 | D:4      | Killed a centaur
  3159 | D:4      | Reached XP level 6. HP: 20/55 MP: 6/6
  3361 | D:4      | Identified 4 potions of might
  3367 | D:4      | Identified a scarf of cloud immunity (You found it on level
                  | 4 of the Dungeon)
  3480 | D:4      | Reached skill level 5 in Fighting
  3539 | D:4      | Noticed a sky beast
  3587 | D:4      | Identified 2 scrolls of amnesia
  3593 | D:4      | Identified 4 scrolls of remove curse
  3594 | D:4      | Identified a scroll of blinking
  4049 | D:4      | You fall through a shaft for 2 floors!
  4240 | D:5      | Entered Level 5 of the Dungeon
  4253 | D:5      | Noticed Sigmund
  4258 | D:5      | HP: 14/56 [centaur/arrow (6)]
  4261 | D:5      | HP: 4/56 [centaur/arrow (4)]
  4266 | D:5      | Shot with an arrow by a centaur

Table legend:
 A = Turns spent in this place as a percentage of turns spent in the entire game.
 B = Non-inter-level travel turns spent in this place as a percentage of non-inter-level travel turns spent in the entire game.
 C = Inter-level travel turns spent in this place as a percentage of turns spent in this place.
 D = Turns resting spent in this place as a percentage of non-inter-level travel turns spent in this place.
 E = Turns spent auto-exploring this place as a percentage of non-inter-level travel turns spent in this place.
 F = Non-inter-level travel turns spent in this place divided by the number of levels of this place that you've seen.
                   A       B       C       D       E      F
               +-------+-------+-------+-------+-------+----------------------
         Total | 100.0 | 100.0 |   7.5 |  27.8 |  53.2 | 658.0
       Dungeon | 100.0 | 100.0 |   7.5 |  27.8 |  53.2 | 658.0
               +-------+-------+-------+-------+-------+----------------------

Table legend:
 A = Kills in this place as a percentage of kills in entire the game.
 B = Kills by you in this place as a percentage of kills by you in the entire game.
 C = Kills by friends in this place as a percentage of kills by friends in the entire game.
 D = Other kills in this place as a percentage of other kills in the entire game.
 E = Experience gained in this place as a percentage of experience gained in the entire game.
 F = Experience gained in this place divided by the number of levels of this place that you have seen.
                   A       B       C       D       E      F
               +-------+-------+-------+-------+-------+----------------------
         Total | 100.0 | 100.0 |   N/A |   N/A | 100.0 |  97.7
       Dungeon | 100.0 | 100.0 |   N/A |   N/A | 100.0 |  97.7
               +-------+-------+-------+-------+-------+----------------------

Skill      XL: |  1  2  3  4  5  6 |
---------------+-------------------+-----
Slings         | 5 6 |  6.9
Fighting       | 3 4 5 |  5.2
Dodging        | |  1.3
Stealth        | |  0.4

Action                   |  1- 3 |  4- 6 || total
-------------------------+-------+-------++-------
 Fire: Hunting sling     |   156 |   173 ||   329
  Use: Scroll            |       |     7 ||     7
  Eat: Chunk             |     1 |     4 ||     5
       Ration            |       |     1 ||     1
Armor: Leather armour    |    45 |    17 ||    62
Dodge: Dodged            |    36 |    27 ||    63

Vanquished Creatures
  A phantom (D:2)
  A centaur (D:4)
  A crimson imp (D:3)
  A hound (D:6)
  A worker ant (D:4)
  A hound skeleton (D:4)
  A howler monkey skeleton (D:6)
  6 adders
  3 worms
  A dart slug (D:3)
  3 leopard geckos
  2 orcs (D:3)
  4 ball pythons
  5 giant cockroaches
  9 goblins
  4 hobgoblins
  9 jackals
  A quokka (D:3)
  7 bats
  A frilled lizard (D:2)
  6 kobolds
  A leopard gecko skeleton (D:4)
  7 rats
76 creatures vanquished.
